[Event "Team 45 45 League T62"]
[Site "Internet Chess Club"]
[Date "2014.09.20"]
[Round "4"]
[White "sdcohle"]
[Black "almond123"]
[Result "0-1"]
[WhiteElo "1344"]
[BlackElo "1444"]
[Opening "Grünfeld: Spassky variation, main line, 10...cd, 11.cd"]
[ECO "D88"]
[Time "11:16:41"]
[TimeControl "2700+45"]

1. d4 Nf6 2. c4 g6 3. Nc3 d5 4. cxd5 Nxd5 5. e4 Nxc3 6. bxc3 Bg7 7. Bc4 c5 8.
Ne2 cxd4 9. cxd4 Nc6 10. Be3 O-O 11. O-O Bg4 12. f3 Bd7 13. Qc2 Rc8 14. Qb2 Qc7
15. Rac1 Qb8 16. Bb5 a6 17. Bxc6 Bxc6 18. Qb6 Bb5 19. Rxc8 Rxc8 20. Re1 Bxe2 21.
Rxe2 Qc7 22. Qb3 Qc4 23. Qb2 Qc7 24. Re1 Qc3 25. Qxc3 Rxc3 26. Re2 Rd3 27. d5
Bd4 28. Bxd4 Rxd4 29. Kf2 Kg7 30. Ke3 Rb4 31. Rc2 Kf6 32. Kd3 Ra4 33. g3 Ra3+
34. Ke2 Ra4 35. h4 Rd4 36. Rc7 Rb4 37. Rc2 Ke5 38. Kd3 Kd6 39. Kc3 Rb5 40. Kd3
Rc5 41. Rb2 Rc7 42. Rb6+ Kd7 43. Kd4 Kd8 44. Kd3 Kc8 45. d6 exd6 46. Rxd6 Rd7
47. e5 Rxd6+ 48. exd6 Kd7 49. a4 Kxd6 50. Kd4 b6 51. Kc4 Ke5 52. f4+ Ke4 53. Kc3
b5 54. a5 Kf3 55. Kb4 Kxg3 56. Kc5 Kxh4 57. Kb6 b4 58. Kxa6 b3 59. Kb6 b2 60. a6
b1=Q+ 61. Kc5 Qb8 62. Kc6 Kg4 63. f5 Kxf5 64. Kd7 Qa7+ 65. Kd8 Qxa6 66. Kc7 Qe6
67. Kb7 Qd6 68. Kc8 Qe7 69. Kb8 Qd7 70. Ka8 Ke6 71. Kb8 Kd6 72. Ka8 Kc6 73. Kb8
Qb7# {White checkmated} 0-1

[Event "Team 45 45 League T62"]
[Site "Internet Chess Club"]
[Date "2014.09.21"]
[Round "4"]
[White "primerpaso"]
[Black "fhunfi"]
[Result "1/2-1/2"]
[WhiteElo "1966"]
[BlackElo "1874"]
[Opening "English: Anglo-Dutch defense"]
[ECO "A10"]
[Time "19:02:25"]
[TimeControl "2700+45"]

1. c4 f5 2. Nc3 Nf6 3. g3 e6 4. Bg2 d6 5. e4 fxe4 6. Nxe4 Be7 7. Ne2 e5 8. N2c3
O-O 9. O-O Nc6 10. d3 Bf5 11. h3 Qd7 12. Kh2 Kh8 13. Be3 h6 14. Qd2 Rf7 15. f4
a6 16. g4 Bxg4 17. Nxf6 Bxf6 18. hxg4 Qxg4 19. Bh3 Qh5 20. Qe2 Qxe2+ 21. Nxe2
Nb4 22. Rad1 Re8 23. f5 Nxa2 24. Bd2 c5 25. Ra1 Nb4 26. Bxb4 cxb4 27. Ra4 e4 28.
d4 b3 29. Rb4 Rc8 30. Rc1 Bg5 31. Rd1 b5 32. Rxb3 Rxc4 33. Rc3 Rfc7 34. Bg2 e3
35. Rdc1 Rxc3 36. Rxc3 Rxc3 37. Nxc3 b4 38. Ne2 a5 39. b3 Kg8 40. Bd5+ Kf8 41.
Kg2 Ke7 42. Kf3 Kf6 43. Ng3 Bh4 44. Ne4+ Ke7 45. Kxe3 h5 46. Kf4 Be1 47. Ng5 Kf6
48. Nf3 Bf2 49. Ke4 h4 50. Nh2 Kg5 51. Be6 Bg3 52. Nf3+ Kf6 53. Ng1 g5 54. Kf3
Be1 55. Kg4 Bd2 56. Kf3 Bc1 57. Ne2 Bd2 58. Ng1 Bc1 59. Kg4 Bf4 60. Bd5 Bc1 61.
Nf3 {Game drawn by mutual agreement} 1/2-1/2

[Event "Team 45 45 League T62"]
[Site "Internet Chess Club"]
[Date "2014.09.20"]
[Round "4"]
[White "RamRock"]
[Black "Baseta"]
[Result "0-1"]
[WhiteElo "1739"]
[BlackElo "1862"]
[Opening "French: exchange variation"]
[ECO "C01"]
[Time "10:08:09"]
[TimeControl "2700+45"]

1. e4 e6 2. d4 d5 3. exd5 exd5 4. Nf3 Bg4 5. Be2 Nf6 6. Bf4 Bd6 7. Bxd6 Qxd6 8.
O-O O-O 9. c3 Nbd7 10. Re1 Rfe8 11. Nbd2 Re7 12. Nf1 Rae8 13. Ne3 Qf4 14. Nxg4
Nxg4 15. g3 Qh6 16. Kg2 Ndf6 17. h3 Nxf2 18. Kxf2 Qxh3 19. Ne5 Rxe5 20. dxe5
Rxe5 21. Bf3 Qh2+ 22. Bg2 Rf5+ 23. Ke3 Qxg2 24. Kd3 c5 25. Re3 g6 26. Qe2 Rf2
27. Re8+ Kg7 {White forfeits on time} 0-1

[Event "Team 45 45 League T62"]
[Site "Internet Chess Club"]
[Date "2014.09.17"]
[Round "4"]
[White "Heian"]
[Black "kidcobra"]
[Result "1/2-1/2"]
[WhiteElo "1788"]
[BlackElo "1813"]
[Opening "Giuoco Pianissimo: Italian four knights variation"]
[ECO "C55"]
[Time "19:20:57"]
[TimeControl "2700+45"]

1. e4 e5 2. Nf3 Nc6 3. Bc4 Nf6 4. d3 Bc5 5. Nc3 O-O 6. O-O d6 7. h3 Be6 8. Bb3
Bxb3 9. axb3 h6 10. Qe2 Re8 11. Be3 Bxe3 12. Qxe3 d5 13. Nxd5 Nxd5 14. exd5 Qxd5
15. Rfe1 Nd4 16. Nxd4 exd4 17. Qf4 Rxe1+ 18. Rxe1 Qd7 19. Qe4 c6 20. Qe7 Rd8 21.
Qa3 Re8 22. Qb4 Rxe1+ 23. Qxe1 c5 24. Qe5 Qe6 25. Qxe6 fxe6 26. f4 Kf7 27. Kf2
Kf6 28. Kf3 e5 29. g3 exf4 30. Kxf4 g5+ 31. Ke4 Ke6 32. Kf3 Kf5 33. Kf2 a5 34.
Kf3 h5 35. g4+ hxg4+ 36. hxg4+ Ke5 37. Kg3 b5 38. Kf3 a4 39. bxa4 bxa4 40. Kg3
Ke6 41. Kf2 Kd5 42. Kf3 Ke5 43. Kg3 Ke6 44. Kf2 Kd5 45. Kf3 c4 46. dxc4+ Kxc4
47. Ke4 d3 48. cxd3+ Kb3 49. d4 Kxb2 50. d5 a3 51. d6 a2 52. d7 a1=Q 53. d8=Q
{Game drawn by mutual agreement} 1/2-1/2

[Event "Team 45 45 League T62"]
[Site "Internet Chess Club"]
[Date "2014.09.20"]
[Round "4"]
[White "Timotheous"]
[Black "Portola"]
[Result "1/2-1/2"]
[WhiteElo "1836"]
[BlackElo "1838"]
[Opening "English opening: Agincourt variation"]
[ECO "A13"]
[Time "07:00:47"]
[TimeControl "2700+45"]

1. Nf3 d5 2. c4 e6 3. b3 Nf6 4. Bb2 Be7 5. g3 O-O 6. Bg2 Nbd7 7. O-O c5 8. e3
Qc7 9. d3 b6 10. Nbd2 Bb7 11. Rc1 Rad8 12. Rc2 dxc4 13. Nxc4 Qb8 14. Qa1 Qa8 15.
Nh4 Rfe8 16. Bxb7 Qxb7 17. e4 Nb8 18. Rd1 Nc6 19. Nf3 Qa8 20. a3 Rf8 21. Nfe5
Nd4 22. Bxd4 Rxd4 23. b4 Rfd8 24. b5 Rc8 25. Nc6 Rd7 26. Nxe7+ Rxe7 27. f3 Qb8
28. Ne5 Rec7 29. Nc6 Qb7 30. a4 a6 31. Qb2 Re8 32. Rcd2 Rcc8 33. Rc2 a5 34. Rcd2
{Game drawn by mutual agreement} 1/2-1/2

[Event "Team 45 45 League T62"]
[Site "Internet Chess Club"]
[Date "2014.09.21"]
[Round "4"]
[White "RubberDuck"]
[Black "TerryMalloy"]
[Result "0-1"]
[WhiteElo "1933"]
[BlackElo "1915"]
[Opening "QGD: Albin counter-gambit"]
[ECO "D08"]
[Time "07:22:56"]
[TimeControl "2700+45"]

1. d4 d5 2. c4 e5 3. dxe5 d4 4. Nf3 Nc6 5. a3 Nge7 6. e3 Nf5 7. exd4 Nfxd4 8.
Nxd4 Qxd4 9. Nc3 Qxd1+ 10. Nxd1 Nxe5 11. Nc3 Be6 12. Bf4 Bd6 13. Nb5 Nf3+ 14.
gxf3 Bxf4 15. Rd1 Ke7 16. Nd4 Bd7 17. Bd3 Rhe8 18. O-O Rad8 19. Be4 c6 20. Bf5
Kf6 21. Bxd7 Rxd7 22. Nb3 Red8 23. Rxd7 Rxd7 24. Nc5 Rd4 25. Nxb7 Rxc4 26. Na5
Rc2 27. Rd1 Ke7 28. Rd4 Be5 29. Rc4 Rxc4 30. Nxc4 Ke6 31. b4 Kd5 32. Nxe5 Kxe5
33. Kf1 Kd4 34. a4 a6 {White resigns} 0-1

[Event "Team 45 45 League T62"]
[Site "Internet Chess Club"]
[Date "2014.09.20"]
[Round "4"]
[White "Innes"]
[Black "clarinetref"]
[Result "0-1"]
[WhiteElo "1589"]
[BlackElo "1625"]
[Opening "Robatsch (modern) defense"]
[ECO "B06"]
[Time "16:00:32"]
[TimeControl "2700+45"]

1. e4 g6 2. d4 d6 3. f4 Bg7 4. c3 e6 5. Nf3 Nd7 6. Bd3 Ne7 7. O-O c5 8. f5 O-O
9. Ng5 exf5 10. exf5 cxd4 11. fxg6 hxg6 12. Qg4 Nf6 13. Qh4 Nf5 14. Bxf5 Bxf5
15. g4 Qb6 16. gxf5 dxc3+ 17. Qf2 Qxf2+ 18. Rxf2 Ng4 19. Rg2 gxf5 20. Nxc3 Bd4+
21. Kf1 Rfe8 22. Nf3 Bxc3 23. bxc3 Kf8 24. Re2 Re6 25. h3 Rxe2 26. Kxe2 Re8+ 27.
Kf1 Ne3+ 28. Kf2 Nd1+ 29. Kg3 Nxc3 30. Bh6+ Kg8 31. Kf4 Kh7 32. Bg5 Kg6 33. h4
Ne2# {White checkmated} 0-1

[Event "Team 45 45 League T62"]
[Site "Internet Chess Club"]
[Date "2014.09.19"]
[Round "4"]
[White "drsigmund1"]
[Black "parrot9"]
[Result "0-1"]
[WhiteElo "1576"]
[BlackElo "1676"]
[Opening "Queen's bishop game"]
[ECO "D02"]
[Time "14:16:01"]
[TimeControl "2700+45"]

1. d4 d5 2. Nf3 Nf6 3. Bf4 e6 4. e3 a6 5. Bd3 Be7 6. h3 O-O 7. Nbd2 b5 8. a4 b4
9. c4 c5 10. Nb3 Nbd7 11. a5 Bb7 12. Ne5 Rc8 13. Nxd7 Nxd7 14. O-O cxd4 15. cxd5
Bxd5 16. exd4 Nf6 17. Be3 Bc4 18. Rc1 Qd5 19. Qe2 Bxb3 20. Bxa6 Rxc1 21. Rxc1
Qxa5 22. Qd3 Bd5 23. Bf4 Ra8 24. Bb5 Be4 25. Qc4 Nd5 26. Bg3 h6 27. f3 Bg6 28.
Qc6 Bf6 29. Bf2 Rd8 30. Kh1 b3 31. Be1 Qb6 32. Qc4 Qxd4 33. Qxb3 Qxb2 34. Qc4
Ne3 35. Qc5 {White resigns} 0-1

[Event "Team 45 45 League T62"]
[Site "Internet Chess Club"]
[Date "2014.09.19"]
[Round "4"]
[White "Buford-Julep"]
[Black "Packerfan"]
[Result "0-1"]
[WhiteElo "1694"]
[BlackElo "1729"]
[Opening "English opening"]
[ECO "A05"]
[Time "09:30:12"]
[TimeControl "2700+45"]

1. Nf3 Nf6 2. c4 g6 3. Nc3 Bg7 4. g3 b6 5. Bg2 Bb7 6. O-O O-O 7. d4 d6 8. Qc2
Nbd7 9. Rd1 c5 10. d5 Ng4 11. h3 Nge5 12. Nd2 Nf6 13. Nce4 Nxe4 14. Nxe4 Ba6 15.
Nd2 Qc7 16. Rb1 Rab8 17. b3 b5 18. Ba3 bxc4 19. bxc4 Qa5 20. Bb2 Qxa2 21. Rdc1
Rb4 22. Bc3 Qxc2 23. Rxc2 Rxb1+ 24. Nxb1 Rb8 25. Na3 Rb3 26. Bxe5 Bxe5 27. Ra2
Rb2 28. Rxb2 Bxb2 29. Nb5 Bxb5 30. cxb5 Kg7 31. Kf1 Kf6 32. Ke1 Ke5 33. e3 e6
34. dxe6 fxe6 35. Kd2 d5 36. Kc2 Ba3 37. f4+ Kd6 38. Kb3 Bb4 39. e4 Be1 40. f5
gxf5 41. exf5 exf5 42. g4 fxg4 43. hxg4 c4+ 44. Kc2 Kc5 45. Kd1 Bh4 46. Kc2 d4
47. Bc6 h6 48. Bd7 Bg5 49. Bc6 d3+ 50. Kd1 c3 51. b6 axb6 52. Bf3 c2+ 53. Ke1
c1=Q+ {White resigns} 0-1

[Event "Team 45 45 League T62"]
[Site "Internet Chess Club"]
[Date "2014.09.21"]
[Round "4"]
[White "clarinetref"]
[Black "sockbuf"]
[Result "0-1"]
[WhiteElo "1622"]
[BlackElo "1683"]
[Opening "Réti v Dutch"]
[ECO "A04"]
[Time "20:06:29"]
[TimeControl "2700+45"]

1. Nf3 f5 2. g3 Nf6 3. Bg2 d6 4. d3 e5 5. Nc3 Be7 6. O-O O-O 7. Bg5 Nc6 8. e4
Qe8 9. Bxf6 Bxf6 10. Nd5 Bd8 11. c4 Qf7 12. Qd2 Qh5 13. h4 fxe4 14. Ng5 exd3 15.
Qxd3 Bf5 16. Be4 Qg6 17. Rae1 h6 18. Bxf5 Qxf5 19. Qxf5 Rxf5 20. Ne6 Rf7 21. f4
exf4 22. Rxf4 Rxf4 23. Nexf4 Ne5 24. Re4 c6 25. Ne3 Bb6 26. Kg2 g6 27. b4 Bxe3
28. Rxe3 Kf7 29. c5 Nc4 30. Re6 g5 31. hxg5 hxg5 32. cxd6 gxf4 33. Re7+ Kf6 34.
gxf4 Nxd6 35. Rd7 Ke6 36. Rh7 Rg8+ 37. Kf3 Rf8 38. Kg4 Rf7 39. Rh5 Nf5 40. Rh8
Ne3+ 41. Kf3 Nd5 42. Re8+ Re7 43. Ra8 a6 44. a3 Rf7 45. Re8+ Ne7 46. Ke4 Kd7 47.
Rh8 Rxf4+ 48. Kxf4 Ng6+ 49. Ke4 Nxh8 50. Kd4 b6 51. a4 Kd6 52. Kc4 Ng6 53. b5
axb5+ 54. axb5 c5 {White resigns} 0-1

[Event "Team 45 45 League T62"]
[Site "Internet Chess Club"]
[Date "2014.09.21"]
[Round "4"]
[White "pauliewoll"]
[Black "tryanything"]
[Result "1-0"]
[WhiteElo "1608"]
[BlackElo "1605"]
[Opening "Four knights: Spanish variation"]
[ECO "C48"]
[Time "04:50:41"]
[TimeControl "2700+45"]

1. e4 e5 2. Nf3 Nc6 3. Nc3 Nf6 4. Bb5 d6 5. d4 exd4 6. Nxd4 Bd7 7. O-O Be7 8.
Re1 O-O 9. Nxc6 bxc6 10. Bc4 Rb8 11. Bb3 Qc8 12. f4 Bg4 13. Qd4 c5 14. Qd3 Rb4
15. h3 Be6 16. Qf3 Bxb3 17. axb3 Qb7 18. e5 Qxf3 19. gxf3 Nh5 20. Nd5 Bh4 21.
Nxb4 Bxe1 22. Nd5 dxe5 23. fxe5 Bg3 24. Be3 Bxe5 25. Rxa7 Bd6 26. Nxc7 g6 27.
Kf2 Rc8 28. Nd5 c4 29. b4 Kf8 30. b5 Ng3 31. b6 Nf5 32. b7 Rb8 33. Nb6 Ke8 34.
Nxc4 Bg3+ 35. Ke2 Nxe3 36. Nxe3 Kd7 37. c4 Kc6 38. b4 Kb6 39. Ra8 Rxb7 40. Nd5+
Kc6 41. Ra6+ Kd7 42. c5 Rb5 43. Kd3 {Black resigns} 1-0

[Event "Team 45 45 League T62"]
[Site "Internet Chess Club"]
[Date "2014.09.20"]
[Round "4"]
[White "PostMike"]
[Black "bayoumicardio10"]
[Result "0-1"]
[WhiteElo "1453"]
[BlackElo "1646"]
[Opening "Pirc defense"]
[ECO "B07"]
[Time "14:30:38"]
[TimeControl "2700+45"]

1. e4 d6 2. d4 Nf6 3. Nc3 g6 4. f3 c6 5. Be3 b5 6. Bd3 a6 7. Nge2 Nbd7 8. O-O c5
9. Ng3 h5 10. Nh1 e5 11. dxe5 dxe5 12. Qd2 Bg7 13. a3 Qc7 14. Rfd1 c4 15. Bf1
Nc5 16. Nd5 Nxd5 17. Qxd5 Ne6 18. c3 Bb7 19. Qd2 O-O 20. g3 Rad8 21. Qf2 Rfe8
22. Rxd8 Rxd8 23. Bb6 Qd7 24. Bxd8 Qxd8 25. Bh3 Ng5 26. Kg2 Bf8 27. Qe2 Bc5 28.
Rd1 Qf6 29. Nf2 Bxf2 30. Qxf2 Nxh3 31. Kxh3 Bxe4 32. Kg2 Bd3 33. Re1 Qe6 34. Qa7
Kg7 35. a4 bxa4 36. Qc5 f6 37. Qb4 Qd7 38. Ra1 Bc2 39. Rf1 Bf5 40. Rf2 Bh3+ 41.
Kg1 Qd1+ {White resigns} 0-1

[Event "Team 45 45 League T62"]
[Site "Internet Chess Club"]
[Date "2014.09.20"]
[Round "4"]
[White "juniorVishy"]
[Black "calsal"]
[Result "1-0"]
[WhiteElo "1925"]
[BlackElo "1742"]
[Opening "King's Indian, 3.Nf3"]
[ECO "E90"]
[Time "18:11:29"]
[TimeControl "2700+45"]

1. d4 Nf6 2. c4 g6 3. Nf3 Bg7 4. Nc3 O-O 5. e4 d6 6. h3 e5 7. Bg5 exd4 8. Nxd4
Re8 9. f3 Nxe4 10. Nxe4 Qxg5 11. Ne2 Qa5+ 12. Qd2 Qxd2+ 13. Kxd2 Bxb2 14. Re1 f5
15. N4c3 Be6 16. Nf4 Bxc3+ 17. Kxc3 Kf7 18. c5 Bxa2 19. Ra1 Be6 20. Nxe6 Kxe6
21. Bc4+ Kd7 22. Rhb1 Nc6 23. Rxb7 Reb8 24. Rxb8 Rxb8 25. cxd6 cxd6 26. g4 fxg4
27. hxg4 Rc8 28. Kd2 Rc7 29. Bg8 Kd8 30. f4 Rg7 31. Bd5 Nb4 32. Be6 Nc6 33. Bd5
Nb4 34. Be6 Rc7 35. Bg8 h5 36. Ra4 Nc6 37. gxh5 gxh5 38. Bd5 Nb8 39. Bf3 Rh7 40.
Be4 Rc7 41. Ra5 Rc5 42. Rxa7 Nd7 43. Ke3 h4 44. Ra8+ Ke7 45. Rh8 Rc3+ 46. Kd4
Rh3 47. Rh7+ Kd8 48. Rxd7+ Ke8 49. Rxd6 Ra3 50. Rh6 h3 51. Ke5 Ra5+ 52. Bd5 Ra3
53. Rh8+ Ke7 54. f5 Re3+ 55. Be4 Ra3 56. f6+ Kf7 57. Bd5+ Kg6 58. f7 Re3+ 59.
Kd6 {Black resigns} 1-0

[Event "Team 45 45 League T62"]
[Site "Internet Chess Club"]
[Date "2014.09.21"]
[Round "4"]
[White "SilentKnight"]
[Black "JasonModer"]
[Result "1-0"]
[WhiteElo "1628"]
[BlackElo "1705"]
[Opening "QGD: exchange, positional line"]
[ECO "D35"]
[Time "18:01:37"]
[TimeControl "2700+45"]

1. d4 d5 2. c4 e6 3. Nc3 Nf6 4. cxd5 exd5 5. Bg5 Nbd7 6. e3 c6 7. Bd3 Be7 8. Qc2
O-O 9. Nf3 Re8 10. O-O Ne4 11. Bxe7 Qxe7 12. Rab1 Ndf6 13. b4 Nxc3 14. Qxc3 Ne4
15. Qc2 Bf5 16. b5 Rac8 17. bxc6 Rxc6 18. Qb3 Nc3 19. Bxf5 Nxb1 20. Rxb1 Rd8 21.
Ne5 Rb6 22. Qc2 Rxb1+ 23. Qxb1 g6 24. Bg4 Qc7 25. g3 Rd6 26. Qb3 f6 27. Nd3 b6
28. Bf3 Qc4 29. Nb4 Qxb3 30. axb3 a5 31. Nxd5 b5 32. Nc3 Rb6 33. Be2 b4 34. Na4
Rc6 35. Bc4+ Kf8 36. Kf1 Ke7 37. Ke2 f5 38. h4 Kd6 39. Kd3 Rc7 40. f3 Rc8 41. e4
fxe4+ 42. fxe4 Rf8 43. e5+ Ke7 44. Ke4 Rf2 45. d5 Rg2 46. Kf3 Rd2 47. Nb6 Rc2
48. d6+ Kd8 49. e6 Rc3+ 50. Kf4 Rxc4+ 51. Nxc4 a4 52. bxa4 b3 53. a5 Kc8 54. a6
Kb8 55. e7 {Black resigns} 1-0

[Event "Team 45 45 League T62"]
[Site "Internet Chess Club"]
[Date "2014.09.20"]
[Round "4"]
[White "RobertBuice"]
[Black "Bluebeamer"]
[Result "0-1"]
[WhiteElo "1095"]
[BlackElo "1424"]
[Opening "QGD: 4.Bg5 Be7"]
[ECO "D53"]
[Time "16:00:27"]
[TimeControl "2700+45"]

1. d4 d5 2. c4 e6 3. Nc3 Nf6 4. Bg5 Be7 5. e3 h6 6. Bxf6 Bxf6 7. Nf3 dxc4 8.
Bxc4 Nc6 9. O-O O-O 10. Qd2 e5 11. d5 Nb4 12. a3 Na6 13. e4 Nc5 14. Qc2 Bd7 15.
b3 c6 16. Rad1 cxd5 17. Bxd5 Qb6 18. a4 Be6 19. Bxe6 Nxe6 20. Nd5 Qd8 21. Nxf6+
Qxf6 22. Rd7 b6 23. Rfd1 Rfd8 24. Qc6 Nd4 25. Rxd8+ Rxd8 26. Qxf6 gxf6 27. Nxd4
exd4 28. b4 Kf8 29. Kf1 Ke7 30. Ke1 Ke6 31. f4 f5 32. e5 Kd5 33. b5 Ke4 34. g3
Ke3 35. Rd2 d3 36. Kd1 Rc8 37. g4 fxg4 38. f5 Rc4 39. e6 fxe6 40. f6 Rf4 41. f7
Rxf7 42. Rg2 Rf1# {White checkmated} 0-1

[Event "Team 45 45 League T62"]
[Site "Internet Chess Club"]
[Date "2014.09.22"]
[Round "4"]
[White "lemorgado"]
[Black "Kali-Linux"]
[Result "1/2-1/2"]
[WhiteElo "1950"]
[BlackElo "1936"]
[Opening "Queen's pawn game"]
[ECO "A45"]
[Time "20:00:27"]
[TimeControl "2700+45"]

1. d4 Nf6 2. e3 d5 3. f4 e6 4. Nf3 c5 5. c3 Nc6 6. Bd3 Qc7 7. Ne5 Bd6 8. Nd2 O-O
9. g4 b6 10. O-O Bb7 11. g5 Nd7 12. Qh5 g6 13. Nxg6 fxg6 14. Bxg6 hxg6 15. Qxg6+
Kh8 16. Qh6+ Kg8 17. Qg6+ {Game drawn by mutual agreement} 1/2-1/2

[Event "Team 45 45 League T62"]
[Site "Internet Chess Club"]
[Date "2014.09.20"]
[Round "4"]
[White "Bleddyn"]
[Black "chess09"]
[Result "0-1"]
[WhiteElo "1688"]
[BlackElo "1950"]
[Opening "English: symmetrical, Botvinnik system reversed"]
[ECO "A37"]
[Time "19:04:42"]
[TimeControl "2700+45"]

1. c4 c5 2. g3 Nc6 3. Bg2 g6 4. Nc3 Bg7 5. Nf3 e5 6. d3 Nge7 7. O-O O-O 8. Rb1
d6 9. a3 a5 10. Nd2 Be6 11. Nd5 f5 12. Nxe7+ Qxe7 13. b4 axb4 14. axb4 Nxb4 15.
Bxb7 Qxb7 {White resigns} 0-1

[Event "Team 45 45 League T62"]
[Site "Internet Chess Club"]
[Date "2014.09.17"]
[Round "4"]
[White "cityprosecutor"]
[Black "elmaestro"]
[Result "0-1"]
[WhiteElo "1773"]
[BlackElo "1774"]
[Opening "Sicilian defense"]
[ECO "B20"]
[Time "23:06:40"]
[TimeControl "2700+45"]

1. e4 c5 2. d3 Nc6 3. g3 g6 4. Bg2 Bg7 5. f4 d6 6. Nf3 e6 7. O-O Nge7 8. c3 O-O
9. Be3 Rb8 10. d4 cxd4 11. cxd4 Qb6 12. Qd2 Na5 13. b3 Qa6 14. Nc3 b5 15. Rac1
Bb7 16. Ne1 b4 17. Na4 Bc6 18. Nb2 Qb7 19. Qc2 d5 20. e5 Nf5 21. Bf2 Bb5 22.
Nbd3 Nc6 23. Nc5 Qe7 24. Nf3 Bxf1 25. Bxf1 a5 26. g4 Nh6 27. Bh4 Qa7 28. Qg2 a4
29. Bf6 axb3 30. axb3 Rfc8 31. Bd3 Nxd4 32. Nxd4 Rxc5 33. Rd1 Rc3 34. Bb1 Rbc8
35. Qd2 Nxg4 36. Kh1 Qc5 37. f5 Rc1 38. Bh4 Bxe5 39. fxe6 Rxd1+ 40. Qxd1 Qxd4
41. Qf1 Bf4 42. e7 g5 43. Qe1 Qe3 44. Qd1 Rc1 {White resigns} 0-1

[Event "Team 45 45 League T62"]
[Site "Internet Chess Club"]
[Date "2014.09.17"]
[Round "4"]
[White "mongmong"]
[Black "timothysmall56"]
[Result "0-1"]
[WhiteElo "1548"]
[BlackElo "1716"]
[Opening "Queen's pawn: Yusupov-Rubinstein system"]
[ECO "A46"]
[Time "21:04:36"]
[TimeControl "2700+45"]

1. d4 Nf6 2. Nf3 e6 3. e3 c5 4. Bd3 cxd4 5. exd4 Nc6 6. c3 Be7 7. O-O O-O 8. h3
b6 9. Bf4 d5 10. Nbd2 Bd6 11. Bxd6 Qxd6 12. Qe2 Re8 13. Rfe1 Bb7 14. Bb5 a6 15.
Bxc6 Bxc6 16. Ne5 Bb5 17. Qf3 Re7 18. a4 Be8 19. Ng4 Nxg4 20. Qxg4 Bd7 21. Qe2
b5 22. axb5 Qb6 23. bxa6 Bb5 24. Qe3 Rea7 25. b3 Rxa6 26. Rxa6 Qxa6 27. f4 h6
28. g4 Qa2 29. g5 hxg5 30. fxg5 Qc2 31. c4 dxc4 32. Nxc4 Ra2 33. Qg3 Bxc4 34.
bxc4 Qxc4 35. Qe3 Qd5 36. Qg3 Qxd4+ 37. Qe3 Qxe3+ 38. Rxe3 Kh7 39. h4 Ra4 40.
Rh3 Kg6 41. Kg2 Kh5 42. Kg3 Ra3+ 43. Kh2 Rxh3+ 44. Kxh3 f5 45. gxf6 gxf6 46. Kg3
e5 47. Kh3 f5 {White resigns} 0-1

[Event "Team 45 45 League T62"]
[Site "Internet Chess Club"]
[Date "2014.09.21"]
[Round "4"]
[White "Greedy-Reedy"]
[Black "Shanghaied"]
[Result "0-1"]
[WhiteElo "1967"]
[BlackElo "1905"]
[Opening "Sicilian: Alapin's variation (2.c3)"]
[ECO "B22"]
[Time "03:05:13"]
[TimeControl "2700+45"]

1. e4 c5 2. c3 d5 3. exd5 Nf6 4. Bb5+ Nbd7 5. c4 a6 6. Bxd7+ Qxd7 7. Nc3 b5 8.
d3 e6 9. Bg5 Be7 10. Nf3 O-O 11. O-O exd5 12. Bxf6 Bxf6 13. Nxd5 Qd6 14. Nd2
Bxb2 15. Ne4 Qd8 16. Rb1 Bd4 17. Nf4 b4 18. Qh5 g6 19. Qf3 Bb7 20. Qh3 Re8 21.
Rfe1 a5 22. Qh6 Bg7 23. Qh3 Bxe4 24. Rxe4 Rxe4 25. dxe4 Qd2 26. Nd5 Qxa2 27. Qd3
Bd4 28. Rf1 Qa3 29. Qd2 Qb2 30. Qg5 Re8 31. Ne7+ Kf8 32. Nc6 a4 33. Qd5 a3 34.
Nd8 Re7 35. Nc6 a2 36. Qd8+ Re8 37. Qd6+ Kg7 38. g3 a1=Q 39. Rxa1 Qxa1+ 40. Kg2
Qb2 41. Qf4 b3 42. h4 Qxf2+ 43. Qxf2 Bxf2 44. Kxf2 b2 {White resigns} 0-1

[Event "Team 45 45 League T62"]
[Site "Internet Chess Club"]
[Date "2014.09.19"]
[Round "4"]
[White "Nathan-L"]
[Black "IshanR"]
[Result "0-1"]
[WhiteElo "1827"]
[BlackElo "1884"]
[Opening "English opening: Agincourt variation"]
[ECO "A13"]
[Time "20:08:38"]
[TimeControl "2700+45"]

1. c4 e6 2. Nf3 d5 3. cxd5 exd5 4. d4 Nf6 5. Nc3 c5 6. Bg5 Nc6 7. e3 Be7 8. Be2
Be6 9. O-O O-O 10. dxc5 Bxc5 11. Nb5 Rc8 12. Nbd4 h6 13. Bh4 g5 14. Bg3 Ne4 15.
Rc1 Nxd4 16. Nxd4 Qb6 17. Nb3 Rfd8 18. Qd3 Nxg3 19. hxg3 d4 20. Nxc5 Rxc5 21. b3
Rxc1 22. Rxc1 dxe3 23. Qxe3 Qxe3 24. fxe3 Rd2 25. Bc4 Rxa2 26. Bxe6 fxe6 27. Rc7
b6 28. Re7 Kf8 29. Rxe6 Rb2 30. Rxh6 Rxb3 31. Kf2 a5 32. Rh8+ Kg7 33. Ra8 g4 34.
e4 Kf6 35. Rf8+ Ke5 36. Rf4 a4 37. Rxg4 a3 38. Rg8 b5 39. Ra8 Kxe4 40. Ke1 Rxg3
41. Kd2 Kd4 42. Kc2 Kc4 43. Rc8+ Kb4 44. Rf8 Rxg2+ 45. Kb1 Rg3 46. Ka2 Rg2+ 47.
Ka1 Ka4 48. Rf3 b4 49. Rf4 Rd2 50. Kb1 Kb3 51. Rf3+ Kc4 52. Rf4+ Kc3 53. Rf1 b3
54. Kc1 a2 55. Rf3+ Rd3 56. Rxd3+ Kxd3 57. Kb2 a1=Q+ 58. Kxa1 Kc3 59. Kb1 b2 60.
Ka2 Kc2 61. Ka3 b1=Q {White resigns} 0-1

[Event "Team 45 45 League T62"]
[Site "Internet Chess Club"]
[Date "2014.09.21"]
[Round "4"]
[White "pishd"]
[Black "subterfuge"]
[Result "1/2-1/2"]
[WhiteElo "1726"]
[BlackElo "1747"]
[Opening "Colle system"]
[ECO "D05"]
[Time "12:31:14"]
[TimeControl "2700+45"]

1. d4 Nf6 2. Nf3 e6 3. e3 d5 4. Bd3 c5 5. c3 Nc6 6. O-O Qc7 7. Nbd2 cxd4 8. exd4
Bd6 9. Re1 Bd7 10. Qe2 h5 11. Ne5 Ng4 12. Ndf3 Ncxe5 13. Nxe5 O-O-O 14. h3 Nxe5
15. dxe5 Be7 16. Bd2 g5 17. g3 f5 18. exf6 Bxf6 19. Bb5 e5 20. Bxd7+ Qxd7 21.
Kh2 Rhg8 22. Qe3 Kb8 23. Qc5 Be7 24. Qa5 b6 25. Qa6 Bd6 26. a4 e4 27. c4 h4 28.
cxd5 hxg3+ 29. fxg3 Rh8 30. Qf1 g4 31. Bf4 Rxh3+ 32. Kg2 Rf8 {Game drawn by
mutual agreement} 1/2-1/2

[Event "Team 45 45 League T62"]
[Site "Internet Chess Club"]
[Date "2014.09.19"]
[Round "4"]
[White "GivePeasAChance"]
[Black "losscause"]
[Result "1-0"]
[WhiteElo "1761"]
[BlackElo "1613"]
[Opening "English: Anglo-Dutch defense"]
[ECO "A10"]
[Time "20:00:32"]
[TimeControl "2700+45"]

1. c4 f5 2. g3 Nf6 3. Bg2 g6 4. Nc3 Bg7 5. e3 e5 6. d4 d6 7. Nge2 O-O 8. O-O c6
9. b3 Re8 10. Bb2 Nbd7 11. Qd2 Nf8 12. Rad1 e4 13. d5 c5 14. h3 a6 15. a4 Bd7
16. f3 exf3 17. Rxf3 b5 18. axb5 axb5 19. cxb5 Qb6 20. Nf4 Bxb5 21. Ne6 Bh8 22.
Nxb5 Nxe6 23. dxe6 Qxb5 24. Bxf6 Bxf6 25. e4 Bd4+ 26. Kh2 fxe4 27. Rf7 Rxe6 28.
Rdf1 e3 29. Qc1 Qe2 30. R7f2 exf2 31. Bxa8 Kg7 32. Bd5 Re5 33. Bc4 Qe4 34. Qa3
Qf3 35. Qa7+ Kh6 36. Bg8 Rh5 37. Qxh7+ Kg5 38. h4+ Kf5 39. Qe7 Qe4 40. Qd7+
{Black resigns} 1-0